cohdb
Replays
Latest Replays
All Replays
Popular Replays
Top Player Replays
Match Explorer
How It Works
Community
CoH3 Stats
Reddit
Sign in to upload your games and track your stats! →
Sign in with Steam
Match 45240414
Unlisted
Match 45240414
Overview
Messages
Build Orders
End
Panzergrenadier Squad
250 Light Carrier
Panzergrenadier Squad
Construct Light Support Kompanie
Combat Half-tracks
Fire Support Elements
Flakvierling Half-track
2.5-tonne Medical Truck
Assault Mechanized Group
Selects Armored Support Battlegroup
2.5-tonne Medical Truck
Selects Salvage Kits
Pak 38 Anti-tank Gun Team
Veteran Squad Leaders
Selects Veteran Gunners
2.5-tonne Medical Truck
Construct Panzerarmee Kommand
lll
Ards
Uha
wnsldj789123
wila
抹茶生椰椰
MG22
低分国人=菜还嘴臭
0
0
Comments
sign in to comment!
No comments posted yet!